 Dungeon Crawl Stone Soup version 0.28-a0-1235-g7c8fac3 (webtiles) character file.

Game seed: 17800138558256254515

53 Remcycle the Poker (level 3, -1/27 HPs)
             Began as a Merfolk Gladiator on Dec 24, 2021.
             Slain by a hobgoblin (2 damage)
             ... on level 2 of the Dungeon.
             The game lasted 00:02:16 (752 turns).

Remcycle the Poker (Merfolk Gladiator)               Turns: 752, Time: 00:02:16

Health: -1/27      AC:  4    Str: 16    XL:     3   Next: 87%
Magic:  3/3        EV: 13    Int:  7    God:
Gold:   0          SH:  0    Dex: 15    Spells: 2/2 levels left

rFire   . . .      SeeInvis .   a - +0 trident
rCold   . . .      Faith    .   (no shield)
rNeg    . . .      Spirit   .   b - +0 leather armour
rPois   .          Reflect  .   c - +0 helmet
rElec   .          Harm     .   (no cloak)
rCorr   .          Rampage  .   (no gloves)
Will    .....                   (no boots)
Stlth   +.........              (no amulet)
HPRegen 0.09/turn               (no ring)
MPRegen 0.08/turn               (no ring)

@: no status effects
A: (nimble swimmer 2), mertail
a: no special abilities


You were on level 2 of the Dungeon.
You visited 1 branch of the dungeon, and saw 2 of its levels.

Inventory:

Hand Weapons
 a - a +0 trident (weapon)
Missiles
 d - 3 throwing nets (quivered)
Armour
 b - a +0 leather armour (worn)
 c - a +0 helmet (worn)
Jewellery
 f - a ring of magical power
Scrolls
 e - a scroll of enchant weapon {unknown}
 h - a scroll of identify {unknown}
Potions
 g - 2 potions of curing {unknown}
 i - 2 potions of haste {unknown}


   Skills:
 - Level 2.1 Fighting
 + Level 6.8 Polearms
 - Level 2.0 Throwing
 - Level 4.0 Dodging


You had 2 spell levels left.
You didn't know any spells.
Your spell library contained the following spells:

 Spells                   Type           Power      Damage    Failure   Level
 Sandblast                Erth           0%         2d4       50%         1
 Petrify                  Tmut/Erth      0%         N/A       99%         4
 Summon Ice Beast         Ice/Summ       0%         N/A       99%         4
 Borgnjor's Vile Clutch   Necr/Erth      0%         N/A       100%        5
 Metabolic Englaciation   Hex/Ice        0%         N/A       100%        5
 Statue Form              Tmut/Erth      0%         N/A       100%        6


Dungeon Overview and Level Annotations

Branches:
Dungeon (1/15)

Altars:


Innate Abilities, Weirdness & Mutations

((You are very nimble when in or above water. (Stealth+, EV+, Speed+++)))
Your lower body shifts to a powerful aquatic tail in water.


Message History

The quokka is almost dead.
The quokka misses you. The gnoll barely misses you.
The frilled lizard closely misses you.
Reach: a) +0 trident
Press: ? - help, Dir - move target, f/p - gnoll
Aim: a gnoll, wielding a +0 halberd (about 35% to evade your +0 trident)
The quokka is in the way.
You completely miss the quokka.
The quokka is almost dead.
The quokka closely misses you. The gnoll closely misses you.
The frilled lizard barely misses you.
Reach: a) +0 trident
Press: ? - help, Dir - move target, f/p - gnoll
Aim: a gnoll, wielding a +0 halberd (about 35% to evade your +0 trident)
The quokka is in the way.
You hit the quokka.
You kill the quokka!
The gnoll hits you from afar with a +0 halberd!
* * * LOW HITPOINT WARNING * * *
The frilled lizard closely misses you.
Reach: a) +0 trident
Press: ? - help, Dir - move target, f/p - gnoll
Aim: a gnoll, wielding a +0 halberd (about 35% to evade your +0 trident)
You reach to attack!
You puncture the gnoll!
The gnoll is severely wounded.
The gnoll barely misses you. The frilled lizard barely misses you.
The hobgoblin closely misses you.
Reach: a) +0 trident
Press: ? - help, Dir - move target, f/p - gnoll
Aim: a gnoll, wielding a +0 halberd (severely wounded, about 35% to evade your +0 trident)
The hobgoblin is in the way.
You hit the hobgoblin but do no damage. The gnoll barely misses you.
The frilled lizard misses you. The hobgoblin hits you.
* * * LOW HITPOINT WARNING * * *
Reach: a) +0 trident
Press: ? - help, Dir - move target, f/p - gnoll
Aim: a gnoll, wielding a +0 halberd (severely wounded, about 35% to evade your +0 trident)
The hobgoblin is in the way.
You barely miss the hobgoblin. The gnoll closely misses you.
The frilled lizard bites you but does no damage.
The hobgoblin hits you.
You die...

#....#### ..#
#)#### #..# .
#...### ...# ..
#.....## ...#...
#......###.....
#.###..##....#
#.# #...#.g..#
#(.##...#g...###
#.......@l.......
#################


You could see a gnoll, a hobgoblin and a frilled lizard.

Vanquished Creatures
  2 adders (D:2)
  A worm (D:2)
  2 dart slugs (D:1)
  2 bats (D:1)
  4 endoplasms (D:1)
  A giant cockroach (D:2)
  A jackal (D:2)
  A quokka (D:2)
  3 ball pythons
  A frilled lizard (D:1)
  2 goblins (D:1)
  5 kobolds
  3 rats (D:2)
28 creatures vanquished.

Notes
Turn   | Place    | Note
-------+----------+-------------------------------------------
     0 | D:1      | Remcycle the Merfolk Gladiator began the quest for the Orb.
     0 | D:1      | Reached XP level 1. HP: 16/16 MP: 1/1
    84 | D:1      | Found a faded altar of an unknown god.
    88 | D:1      | Got the Papyrus of the Freezing Rocks
   143 | D:1      | Reached skill level 5 in Polearms
   189 | D:1      | Reached XP level 2. HP: 18/22 MP: 2/2
   399 | D:1      | You fall into a shaft and drop 1 floor!
   414 | D:2      | Reached skill level 6 in Polearms
   414 | D:2      | Reached XP level 3. HP: 9/27 MP: 3/3
   751 | D:2      | HP: 1/27 [hobgoblin (3)]
   752 | D:2      | Slain by a hobgoblin

Illustrated notes

Levels and vault maps discovered:
D:1:      dpeg_arrival_morbid_curiosity, layout_basic, basic_ecumenical_altar,
          minmay_small_reverse_x
D:2:      minmay_recursive_quarters, layout_loops_ring, kennysheep_small_spiral

Skill      XL: |  1  2 |
---------------+-------+-----
Polearms       | 5 6 |  6.8
Fighting       | |  2.1
Throwing       | |  2.0
Dodging        | |  4.0

Action                   || total
-------------------------++-------
Melee: Trident           ||    85
Armor: Leather armour    ||    15
Dodge: Dodged            ||    53

Table legend: (Time is in decaauts)
 A = Elapsed time spent in this place.
 B = Non-inter-level travel time spent in this place.
 C = Inter-level travel time spent in this place.
 D = Time resting spent in this place.
 E = Time spent auto-exploring this place.
 F = Levels seen in this place.
 G = Mean time per level.
                   A        B        C        D        E       F      G
               +--------+--------+--------+--------+--------+-----+--------+
         Total |    752 |    752 |      0 |    362 |    246 |   2 |  376.0 |
       Dungeon |    752 |    752 |      0 |    362 |    246 |   2 |  376.0 |
               +--------+--------+--------+--------+--------+-----+--------+

Top non-repeatable levels by time:
     D:1: 400 daAuts
     D:2: 351 daAuts
